 Dungeon Crawl Stone Soup version 0.18.1-8-gdd0e5ea (webtiles) character file.

20052 nikopol the Spear-Bearer (level 12, -3/165 HPs)
             Began as a Minotaur Berserker on June 10, 2016.
             Was a High Priest of Trog.
             Slain by a komodo dragon (10 damage)
             ... on level 3 of the Lair of Beasts.
             The game lasted 00:32:08 (13170 turns).

nikopol the Spear-Bearer (Minotaur Berserker)      Turns: 13170, Time: 00:32:09

Health: -3/165     AC: 12    Str: 27    XL:     12   Next: 42%
Magic:  11/11      EV: 21    Int:  7    God:    Trog [*****.]
Gold:   748        SH:  0    Dex: 15    Spells: 0 memorised, 11 levels left

rFire  . . .     SeeInvis .     x - +11 scythe "Relumun" {slice, rC+}
rCold  + . .     Gourm    .     H - +0 scale mail
rNeg   . . .     Faith    .     (shield currently unavailable)
rPois  .         Spirit   .     P - +0 hat {Int+3}
rElec  .         Dismiss  .     v - +0 cloak (curse)
rCorr  .         Reflect  .     (no gloves)
SustAt .         Harm     .     J - +0 pair of boots
MR     +....                    N - amulet of magic regeneration
Stlth  ..........               U - ring of protection from magic
                                O - +4 ring of evasion

@: berserking, lethally poisoned (-3 -> -4), very quick, somewhat resistant to
hostile enchantments, extremely unstealthy
A: retaliatory headbutt, horns 2
a: Berserk, Trog's Hand, Brothers in Arms, Burn Spellbooks, Renounce Religion


You were on level 3 of the Lair of Beasts.
You worshipped Trog.
Trog was extremely pleased with you.
You were very hungry.

You visited 2 branches of the dungeon, and saw 13 of its levels.
You also visited: Ossuary.

You collected 748 gold pieces.

Inventory:

Hand Weapons
 c - the +4 shortbow of Nightmares {flame, rElec rC+ Int+3}
   (You took it off a crimson imp on level 10 of the Dungeon)

   It causes projectiles fired from it to burn those they strike, causing extra
   injury to most foes and up to half again as much damage against particularly
   susceptible opponents.
   It affects your intelligence (+3).
   It protects you from cold.
   It insulates you from electricity.
 x - the +11 scythe "Relumun" (weapon) {slice, rC+}
   (You found it on level 5 of the Dungeon)

   It inflicts extra damage upon your enemies.
   It protects you from cold.
 W - a +3 antimagic glaive
Missiles
 p - 120 arrows (quivered)
Armour
 v - a cursed +0 cloak (worn)
 H - a +0 scale mail (worn)
 J - a +0 pair of boots (worn)
 P - a +0 hat of intelligence (worn)
Jewellery
 N - an amulet of magic regeneration (around neck)
 O - a +4 ring of evasion (left hand)
 S - an uncursed ring of fire
 U - a ring of protection from magic (right hand)
Wands
 M - a wand of digging (16/24)
 X - a wand of disintegration (10/24)
Scrolls
 b - a scroll of brand weapon {unknown}
 d - a scroll of enchant weapon
 e - 7 scrolls of remove curse
 i - 3 scrolls of enchant armour
 l - 5 scrolls of teleportation
 m - 3 scrolls of random uselessness {unknown}
 n - 2 scrolls of amnesia {unknown}
 r - 2 scrolls of fog {unknown}
 s - a scroll of vulnerability {unknown}
 y - 2 scrolls of blinking {unknown}
 B - 3 scrolls of fear
 C - a scroll of silence {unknown}
 E - 3 scrolls of immolation {unknown}
 G - 2 scrolls of recharging
 I - a scroll of torment {unknown}
 K - a scroll of magic mapping {unknown}
 T - 3 scrolls of identify
Potions
 a - a potion of ambrosia
 h - 8 potions of curing
 j - 3 potions of brilliance
 k - 3 potions of heal wounds
 o - 5 potions of resistance
 q - a potion of berserk rage
 t - 3 potions of haste
 w - a potion of invisibility
 z - 4 potions of agility
 A - a potion of magic
 F - 2 potions of cancellation
 L - a potion of might
 V - 4 potions of flight
Comestibles
 f - 44 fruits
 g - 6 meat rations
 Q - 6 bread rations


   Skills:
 + Level 11.4 Fighting
 * Level 13.9 Polearms
 * Level 7.3 Bows
 + Level 11.2 Armour
 + Level 10.3 Dodging


You had 11 spell levels left.
You didn't know any spells.

Dungeon Overview and Level Annotations

Branches:
Dungeon (10/15)            Temple (0/1) D:4            Lair (3/8) D:10
  Snake (0/4) Lair:3
  Swamp: Lair:3-6    Shoals: Lair:3-6       Orc: D:9-12

Altars:
Cheibriados
Elyvilon
Fedhas
Gozag
Nemelex Xobeh
Pakellas
Qazlal
Trog
Xom
Yredelemnul
Beogh

Shops:
D:6 :   D:8 (


Innate Abilities, Weirdness & Mutations

You reflexively headbutt those who attack you in melee.
You have a pair of horns on your head.


Message History

You furiously retaliate!
You headbutt the polar bear, but do no damage.
The polar bear claws you but does no damage. x2
You hit the komodo dragon.
You headbutt the komodo dragon, but do no damage.
The komodo dragon is moderately wounded.
The komodo dragon bites you!
* * * LOW HITPOINT WARNING * * *
The polar bear barely misses you. You furiously retaliate!
You headbutt the polar bear, but do no damage.
The polar bear misses you. The polar bear closely misses you.
The komodo dragon bites you!!
* * * LOW HITPOINT WARNING * * *
A red film seems to cover your vision as you go berserk!
You feel yourself moving faster!
You feel mighty!
You are feeling very hungry.
You feel sick. The polar bear barely misses you. The polar bear claws you.
* * * LOW HITPOINT WARNING * * *
The polar bear closely misses you. The komodo dragon bites you!
You die...

.. .......
♣....=.P..
♣.PP...P..
##.........
#####P.♣%.....P
###..........P%..
........h♣lP.....
#......@†P♣♣.% >
#........P..... .
#......†.......
#.####.####.?###
♣≈≈.≈P≈####
♣.P.≈PPP# ##
#P≈♣♣.♣♣P.###
...#
###♣≈♣...♣♣.#.##
#..##
#......>..)....#
#.#.#


You could see a polar bear and a komodo dragon.

Vanquished Creatures
  Gastronok (D:8)
  Snorg (D:10)
  Harold (D:10)
  Erolcha (D:8)
  A hydra (Lair:2)
  The ghost of Rationalist the Nimble, a novice MiBe of Trog (D:7)
  An unseen horror (D:7)
  A griffon (Lair:2)
  2 black mambas (Lair:2)
  Joseph (D:9)
  2 rime drakes (Lair:3)
  3 spiny frogs
  2 komodo dragons
  7 blink frogs
  A vampire (D:9)
  Sigmund (D:2)
  10 yaks
  3 hippogriffs
  A hungry ghost (D:10)
  Menkaure (D:7)
  2 nagas (Lair:3)
  A mottled dragon (D:6)
  5 water moccasins
  2 porcupines (Lair:1)
  4 orc warriors
  3 ice beasts
  5 phantoms
  2 sky beasts
  6 ogres
  An eye of draining (D:9)
  A necrophage (D:9)
  2 centaurs
  3 wolves (Lair:3)
  4 crocodiles
  4 giant frogs
  16 scorpions
  10 killer bees
  A vampire bat (Lair:2)
  12 howler monkeys
  7 crimson imps
  A giant frog zombie (D:7)
  3 centaur zombies (Ossuary)
  6 hounds
  2 jellies
  A human zombie (Ossuary)
  A giant frog skeleton (D:4)
  3 orc priests
  Crazy Yiuf (D:4)
  A gnoll shaman (D:10)
  8 iguanas
  Terence (D:2)
  Natasha (D:1)
  5 orc wizards
  9 worker ants
  2 big kobold zombies (Ossuary)
  2 hound skeletons
  3 mummies (Ossuary)
  16 adders
  9 gnolls
  3 scorpion zombies (Ossuary)
  3 river rats (D:10)
  3 shadow imps
  2 oozes
  3 adder skeletons
  2 worms
  8 giant geckos
  38 orcs
  26 bats
  11 giant cockroaches
  3 hobgoblins
  2 jackals (D:4)
  3 kobolds
  6 quokkas
  4 ball pythons
  5 giant newts
  A gnoll zombie (Ossuary)
  9 goblins
  2 goblin zombies (Ossuary)
  3 hobgoblin zombies (Ossuary)
  4 kobold zombies (Ossuary)
  2 orc zombies (Ossuary)
  12 rats
  A fungus (D:10)
  A plant (D:10)
365 creatures vanquished.

Vanquished Creatures (others)
  A fungus (D:10)
1 creature vanquished.

Grand Total: 366 creatures vanquished

Notes
Turn   | Place    | Note
--------------------------------------------------------------
     0 | D:1      | nikopol the Minotaur Berserker began the quest for the Orb.
     0 | D:1      | Reached XP level 1. HP: 19/19 MP: 0/0
   228 | D:1      | Reached XP level 2. HP: 25/27 MP: 1/1
   670 | D:1      | Reached ** piety under Trog
   848 | D:2      | Noticed Natasha
   854 | D:2      | Reached skill level 4 in Polearms
   858 | D:1      | Killed Natasha
   858 | D:1      | Reached XP level 3. HP: 20/34 MP: 2/2
  1017 | D:2      | Reached XP level 4. HP: 33/41 MP: 3/3
  1037 | D:2      | Noticed Terence
  1042 | D:2      | Killed Terence
  1216 | D:2      | Noticed Sigmund
  1223 | D:2      | Killed Sigmund
  1223 | D:2      | Reached skill level 5 in Fighting
  1223 | D:2      | Reached skill level 5 in Polearms
  1223 | D:2      | Reached XP level 5. HP: 48/48 MP: 4/4
  1223 | D:2      | Reached XP level 6. HP: 56/56 MP: 5/5
  1429 | D:3      | Found a basalt altar of Yredelemnul.
  1675 | D:3      | Found a blossoming altar of Fedhas.
  1676 | D:3      | Found a sparkling altar of Nemelex Xobeh.
  1970 | D:4      | Reached *** piety under Trog
  1982 | D:4      | Found a staircase to the Ecumenical Temple.
  2325 | D:4      | Found a sand-covered staircase.
  2344 | Ossuary  | Entered an ossuary
  2363 | Ossuary  | Reached XP level 7. HP: 36/62 MP: 6/6
  2532 | Ossuary  | Reached skill level 6 in Polearms
  2532 | Ossuary  | Reached skill level 5 in Armour
  2532 | Ossuary  | Reached skill level 5 in Dodging
  3205 | Ossuary  | Reached XP level 8. HP: 64/71 MP: 7/7
  3425 | Ossuary  | Reached skill level 7 in Polearms
  3577 | D:4      | Found a sparkling altar of Nemelex Xobeh.
  4295 | D:4      | Noticed Crazy Yiuf
  4303 | D:4      | Killed Crazy Yiuf
  4489 | D:5      | Entered Level 5 of the Dungeon
  4547 | D:5      | Reached skill level 8 in Polearms
  4558 | D:5      | Found a stormy altar of Qazlal.
  4560 | D:5      | Noticed an air elemental
  4712 | D:5      | Reached XP level 9. HP: 81/81 MP: 8/8
  4825 | D:5      | Found a sparkling altar of Nemelex Xobeh.
  4933 | D:5      | Got a brightly glowing scythe
  4934 | D:5      | Identified the +11 scythe "Relumun" {slice, rC+} (You found it on level 5 of the Dungeon)
  5095 | D:5      | Reached **** piety under Trog
  5369 | D:6      | Found Yrritt's Book Boutique.
  5752 | D:6      | Reached skill level 9 in Polearms
  5895 | D:7      | Noticed Menkaure
  5900 | D:7      | Killed Menkaure
  5901 | D:7      | Killed an unseen horror
  6082 | D:7      | Reached skill level 10 in Polearms
  6136 | D:7      | Found an oddly glowing altar of Pakellas.
  6142 | D:7      | Found a snail-covered altar of Cheibriados.
  6142 | D:7      | Found a shimmering altar of Xom.
  6142 | D:7      | Found a bloodstained altar of Trog.
  6230 | D:7      | Found an opulent altar of Gozag.
  6232 | D:7      | Reached XP level 10. HP: 90/91 MP: 9/9
  6356 | D:7      | Noticed Rationalist's ghost (novice MiBe)
  6363 | D:7      | Killed Rationalist's ghost
  6523 | D:8      | Reached ***** piety under Trog
  7124 | D:8      | Found a shimmering altar of Xom.
  7220 | D:8      | Found Huesar Fymeu's Weapon Shop.
  7236 | D:8      | Noticed Gastronok
  7237 | D:8      | Noticed Erolcha
  7244 | D:8      | Killed Erolcha
  7244 | D:8      | Reached skill level 10 in Fighting
  7244 | D:8      | Reached skill level 11 in Polearms
  7249 | D:8      | Killed Gastronok
  7249 | D:8      | Received a gift from Trog
  7358 | D:8      | Reached XP level 11. HP: 51/101 MP: 10/10
  7714 | D:9      | Reached skill level 12 in Polearms
  7891 | D:9      | Reached skill level 1 in Bows
  7906 | D:9      | Reached skill level 10 in Armour
  8289 | D:9      | Found a stormy altar of Qazlal.
  8364 | D:9      | Noticed Joseph
  8379 | D:9      | Killed Joseph
  9153 | D:10     | Entered Level 10 of the Dungeon
  9232 | D:10     | Received a gift from Trog
  9399 | D:10     | Found a roughly hewn altar of Beogh.
  9434 | D:10     | Found a staircase to the Lair.
  9626 | D:10     | Noticed Harold
  9636 | D:10     | Killed Harold
  9953 | D:10     | Noticed Snorg
  9966 | D:10     | Killed Snorg
  9986 | D:10     | Got a jewelled shortbow
  9987 | D:10     | Identified the +4 shortbow of Nightmares {flame, rElec rC+ Int+3} (You took it off a crimson imp on level 10 of the Dungeon)
 10206 | D:10     | Found a white marble altar of Elyvilon.
 10281 | D:10     | Reached skill level 5 in Bows
 10731 | Lair:1   | Entered Level 1 of the Lair of Beasts
 10750 | Lair:1   | Reached skill level 13 in Polearms
 11272 | Lair:1   | Received a gift from Trog
 11708 | Lair:2   | Noticed a four-headed hydra
 11716 | Lair:2   | Killed an eight-headed hydra
 11716 | Lair:2   | Reached XP level 12. HP: 86/110 MP: 11/11
 12225 | Lair:2   | Reached skill level 10 in Dodging
 12261 | Lair:2   | Received a gift from Trog
 12716 | Lair:3   | Reached ****** piety under Trog
 13132 | Lair:3   | Found a staircase to the Snake Pit.
 13170 | Lair:3   | HP: 7/165 [polar bear (4)]
 13170 | Lair:3   | Slain by a komodo dragon

Skill      XL: |  1  2  3  4  5  6  7  8  9 10 11 12 |
---------------+-------------------------------------+-----
Fighting       | 4 5 6 8 9 10 11 | 11.4
Polearms       | 4 5 6 8 10 11 13 | 13.9
Armour         | 3 4 5 7 8 9 10 11 | 11.2
Dodging        | 3 4 5 6 7 9 10 | 10.3
Bows           | 6 7 |  7.3

Action                   |  1- 3 |  4- 6 |  7- 9 | 10-12 || total
-------------------------+-------+-------+-------+-------++-------
Melee: Spear             |    55 |   120 |   305 |       ||   480
       Headbutt          |     6 |    20 |    80 |    37 ||   143
       Scythe            |       |       |    75 |   306 ||   381
 Fire: Shortbow          |       |       |       |   177 ||   177
Invok: Berserk           |       |     2 |     3 |     6 ||    11
       Burn Spellbooks   |       |       |     1 |     2 ||     3
  Use: Scroll            |       |     8 |     6 |     9 ||    23
 Stab: Sleeping          |       |     1 |     3 |     1 ||     5
       Distracted        |       |       |     1 |       ||     1
  Eat: Chunk             |       |     7 |    11 |    20 ||    38
       Bread ration      |       |       |     1 |       ||     1
       Meat ration       |       |       |       |     1 ||     1
       Beef jerky        |       |       |       |     1 ||     1
Armor: Animal skin       |     7 |     3 |       |       ||    10
       Leather armour    |       |    11 |    43 |    19 ||    73
       Scale mail        |       |       |       |    54 ||    54
Dodge: Dodged            |    18 |    52 |   153 |   283 ||   506
